PR
LONG ISLAND DUCKS @ FORT KNOX CENTENNIAL
08/18/2042
 
TOP OF THE 1ST
Long Island Ducks batting - Pitching for Fort Knox Centennial : RHP Dan Young
Pitching: RHP Dan Young
Batting: RHB George Samuels 0-0: Ground out 5-3 (Groundball, 5, EV 86.9 MPH)
Batting: RHB Shu-yaan Seema 0-0: Ball
1-0: Ball
2-0: Ball
3-0: Called Strike
3-1: Base on Balls
Batting: RHB Abdul Razzad Zaimukhes 0-0: Ball
1-0: Fielders Choice at 2nd, 4-6 (Groundball, 34, EV 99.4 MPH)
Batting: LHB Michizane Yamashita 0-0: Foul Ball, location: 2F
0-1: Ball
1-1: Called Strike
1-2: Ball
2-2: Strikes out swinging
Top of the 1st over - 0 runs, 0 hits, 0 errors, 1 left on base; Long Island 0 - Fort Knox 0
BOTTOM OF THE 1ST
Fort Knox Centennial batting - Pitching for Long Island Ducks : RHP Jae-ho Kan
Pitching: RHP Jae-ho Kan
Batting: LHB Don Barnes 0-0: Called Strike
0-1: Fly out, F8 (Flyball, 8RM, EV 88.8 MPH)
Batting: LHB Adhane Nduria 0-0: Swinging Strike
0-1: Foul Ball, location: 2F
0-2: Strikes out looking
Batting: LHB Trent Conner 0-0: Called Strike
0-1: Ball
1-1: Called Strike
1-2: Strikes out swinging
Bottom of the 1st over - 0 runs, 0 hits, 0 errors, 0 left on base; Long Island 0 - Fort Knox 0
TOP OF THE 2ND
Long Island Ducks batting - Pitching for Fort Knox Centennial : RHP Dan Young
Batting: RHB Alfredo Torres 0-0: Ground out 4-3 (Groundball, 4, EV 86.2 MPH)
Batting: RHB Al Ruíz 0-0: Ground out 1-3 (Groundball, 13, EV 86.9 MPH)
Batting: RHB Edgardo Becerra 0-0: Fly out, F9 (Flyball, 9LM, EV 90.0 MPH)
Top of the 2nd over - 0 runs, 0 hits, 0 errors, 0 left on base; Long Island 0 - Fort Knox 0
BOTTOM OF THE 2ND
Fort Knox Centennial batting - Pitching for Long Island Ducks : RHP Jae-ho Kan
Batting: RHB Curt McDaniel 0-0: Ball
1-0: Ball
2-0: Foul Ball, location: 2F
2-1: Fly out, F9 (Flyball, 9LM, EV 93.1 MPH)
Batting: RHB Jon Lake 0-0: Foul Ball, location: 2F
0-1: Called Strike
0-2: Strikes out swinging
Batting: LHB Connor Dunne 0-0: Called Strike
0-1: Swinging Strike
0-2: Strikes out swinging
Bottom of the 2nd over - 0 runs, 0 hits, 0 errors, 0 left on base; Long Island 0 - Fort Knox 0
TOP OF THE 3RD
Long Island Ducks batting - Pitching for Fort Knox Centennial : RHP Dan Young
Batting: RHB Tom Kelley 0-0: Called Strike
0-1: Foul Ball, location: 2F
0-2: Foul Ball, location: 2F
0-2: Ball
1-2: Foul Ball, location: 2F
1-2: Strikes out swinging
Batting: LHB Brad Brown 0-0: Ground out 5-3 (Groundball, 5, EV 82.5 MPH)
Batting: RHB George Samuels 0-0: Ball
1-0: Ball
2-0: Ball
3-0: Called Strike
3-1: Fly out, F5 (Popup, 5SF, EV 82.5 MPH)
Top of the 3rd over - 0 runs, 0 hits, 0 errors, 0 left on base; Long Island 0 - Fort Knox 0
BOTTOM OF THE 3RD
Fort Knox Centennial batting - Pitching for Long Island Ducks : RHP Jae-ho Kan
Batting: RHB Lloyd Griffin 0-0: Called Strike
0-1: Called Strike
0-2: Ball
1-2: Strikes out swinging
Batting: LHB Zhang Cuan 0-0: Ball
1-0: Called Strike
1-1: Fly out, F4 (Popup, 4S, EV 61.9 MPH)
Batting: LHB Chin-seok Chong 0-0: Ball
1-0: Called Strike
1-1: Fly out, F9 (Flyball, 89D, EV 93.1 MPH)
Bottom of the 3rd over - 0 runs, 0 hits, 0 errors, 0 left on base; Long Island 0 - Fort Knox 0
TOP OF THE 4TH
Long Island Ducks batting - Pitching for Fort Knox Centennial : RHP Dan Young
Batting: RHB Shu-yaan Seema 0-0: Called Strike
0-1: Called Strike
0-2: Strikes out swinging
Batting: RHB Abdul Razzad Zaimukhes 0-0: Foul Ball, location: 2F
0-1: Ball
1-1: Ball
2-1: Fly out, F8 (Line Drive, 8RM, EV 90.0 MPH)
Batting: LHB Michizane Yamashita 0-0: Swinging Strike
0-1: Foul Ball, location: 2F
0-2: Ball
1-2: Foul Ball, location: 2F
1-2: Ball
2-2: Foul Ball, location: 2F
2-2: Strikes out swinging
Top of the 4th over - 0 runs, 0 hits, 0 errors, 0 left on base; Long Island 0 - Fort Knox 0
BOTTOM OF THE 4TH
Fort Knox Centennial batting - Pitching for Long Island Ducks : RHP Jae-ho Kan
Batting: LHB Don Barnes 0-0: Ball
1-0: Ball
2-0: Ball
3-0: Base on Balls
Batting: LHB Adhane Nduria 0-0: Grounds into double play, 6-4-3 (Groundball, 6, EV 81.9 MPH)
Batting: LHB Trent Conner 0-0: Called Strike
0-1: Foul Ball, location: 2F
0-2: Ball
1-2: Ground out 6-3 (Groundball, 6, EV 80.6 MPH)
Bottom of the 4th over - 0 runs, 0 hits, 0 errors, 0 left on base; Long Island 0 - Fort Knox 0
TOP OF THE 5TH
Long Island Ducks batting - Pitching for Fort Knox Centennial : RHP Dan Young
Batting: RHB Alfredo Torres 0-0: Called Strike
0-1: Ball
1-1: Ball
2-1: Ball
3-1: Foul Ball, location: 2F
3-2: Foul Ball, location: 2F
3-2: Strikes out swinging
Batting: RHB Al Ruíz 0-0: Ball
1-0: Ball
2-0: Ball
3-0: Base on Balls
Batting: RHB Edgardo Becerra 0-0: Called Strike
Al Ruíz is caught stealing 2nd base 2-4
0-1: Ball
1-1: Ball
2-1: SINGLE (Groundball, 34D, EV 98.1 MPH)
Batting: RHB Tom Kelley 0-0: Called Strike
0-1: Ball
1-1: Ball
2-1: Swinging Strike
2-2: Foul Ball, location: 2F
2-2: SINGLE (Groundball, 56, EV 81.2 MPH) (infield hit)
Edgardo Becerra to second
Batting: LHB Brad Brown 0-0: Called Strike
0-1: Ball
1-1: Swinging Strike
1-2: Ball
2-2: Strikes out swinging
Top of the 5th over - 0 runs, 2 hits, 0 errors, 2 left on base; Long Island 0 - Fort Knox 0
BOTTOM OF THE 5TH
Fort Knox Centennial batting - Pitching for Long Island Ducks : RHP Jae-ho Kan
Batting: RHB Curt McDaniel 0-0: Foul Ball, location: 2F
0-1: Ball
1-1: Foul Ball, location: 2F
1-2: Strikes out swinging
Batting: RHB Jon Lake 0-0: Ball
1-0: Swinging Strike
1-1: Ball
2-1: Ball
3-1: Base on Balls
Batting: LHB Connor Dunne 0-0: Called Strike
0-1: DOUBLE (Line Drive, 7LD, EV 101.2 MPH)
Jon Lake to third
Runner from 3rd tries for Home, SAFE, throw by LF to home
Batting: RHB Lloyd Griffin 0-0: Ball
1-0: Called Strike
1-1: Ball
2-1: Ball
3-1: Foul Ball, location: 2F
3-2: Base on Balls
Batting: LHB Zhang Cuan 0-0: Foul Ball, location: 2F
0-1: Ball
1-1: Swinging Strike
1-2: Ball
2-2: SINGLE (Groundball, 4D, EV 96.2 MPH)
Connor Dunne to third
Lloyd Griffin to second
Runner from 3rd tries for Home, SAFE, throw by CF to home
Batting: LHB Chin-seok Chong 0-0: Called Strike
0-1: Foul Ball, location: 2F
0-2: Fly out, F7 (Flyball, 7S, EV 89.4 MPH)
Batting: LHB Don Barnes 0-0: Ball
1-0: Ground out U3 (Groundball, 34S, EV 81.2 MPH)
Bottom of the 5th over - 2 runs, 2 hits, 0 errors, 2 left on base; Long Island 0 - Fort Knox 2
TOP OF THE 6TH
Long Island Ducks batting - Pitching for Fort Knox Centennial : RHP Dan Young
Batting: RHB George Samuels 0-0: Ball
1-0: Ball
2-0: Ball
3-0: Called Strike
3-1: Ground out 6-3 (Groundball, 56, EV 80.0 MPH)
Batting: RHB Shu-yaan Seema 0-0: Ground out 4-3 (Groundball, 4M, EV 91.2 MPH)
Batting: RHB Abdul Razzad Zaimukhes 0-0: Called Strike
0-1: Foul Ball, location: 2F
0-2: Ball
1-2: Fly out, F6 (Popup, 6, EV 65.6 MPH)
Top of the 6th over - 0 runs, 0 hits, 0 errors, 0 left on base; Long Island 0 - Fort Knox 2
BOTTOM OF THE 6TH
Fort Knox Centennial batting - Pitching for Long Island Ducks : RHP Jae-ho Kan
Batting: LHB Adhane Nduria 0-0: Ball
1-0: Ball
2-0: Ball
3-0: Called Strike
3-1: Foul Ball, location: 2F
3-2: Ground out 6-3 (Groundball, 6, EV 87.5 MPH)
Batting: LHB Trent Conner 0-0: Swinging Strike
0-1: Foul Ball, location: 2F
0-2: Ball
1-2: Foul Ball, location: 2F
1-2: Ball
2-2: Ground out U3 (Groundball, 3L, EV 86.9 MPH)
Batting: RHB Curt McDaniel 0-0: Called Strike
0-1: Foul Ball, location: 2F
0-2: Ball
1-2: Ball
2-2: Ball
3-2: Base on Balls
Batting: RHB Jon Lake 0-0: Fielders Choice at 2nd, 6-4 (Groundball, 6, EV 85.6 MPH)
Bottom of the 6th over - 0 runs, 0 hits, 0 errors, 1 left on base; Long Island 0 - Fort Knox 2
TOP OF THE 7TH
Long Island Ducks batting - Pitching for Fort Knox Centennial : RHP Dan Young
Batting: LHB Michizane Yamashita 0-0: Ball
1-0: Called Strike
1-1: DOUBLE (Flyball, 8LXD, EV 104.4 MPH)
Batting: RHB Alfredo Torres 0-0: Foul Ball, location: 2F
0-1: Ball
1-1: DOUBLE (Line Drive, 9LM, EV 106.9 MPH)
Michizane Yamashita scores
Batting: RHB Al Ruíz 0-0: Ball
1-0: Foul Ball, location: 2F
1-1: Ball
2-1: Ground out 6-3 (Groundball, 6, EV 97.5 MPH)
Batting: RHB Edgardo Becerra 0-0: Swinging Strike
0-1: Called Strike
0-2: Foul Ball, location: 2F
0-2: Fly out, F9 (Flyball, 89D, EV 91.9 MPH)
Batting: RHB Tom Kelley 0-0: Ball
1-0: Foul Ball, location: 2F
1-1: Foul Ball, location: 2F
1-2: Ball
2-2: Ball
3-2: Base on Balls
Pinch Hitting: RHB Kelsey Booth 0-0: Foul Ball, location: 2F
0-1: Ball
1-1: Foul Ball, location: 2F
1-2: Strikes out swinging
Top of the 7th over - 1 run, 2 hits, 0 errors, 2 left on base; Long Island 1 - Fort Knox 2
BOTTOM OF THE 7TH
Fort Knox Centennial batting - Pitching for Long Island Ducks : RHP Jae-ho Kan
Now at 2B: Kelsey Booth
Batting: LHB Connor Dunne 0-0: Ball
1-0: Fly out, F8 (Flyball, 8LM, EV 88.8 MPH)
Batting: RHB Lloyd Griffin 0-0: Ball
1-0: Fly out, F9 (Flyball, 89M, EV 94.4 MPH)
Batting: LHB Zhang Cuan 0-0: Called Strike
0-1: Ball
1-1: SINGLE (Line Drive, 89M, EV 94.4 MPH)
Batting: LHB Chin-seok Chong 0-0: Swinging Strike
0-1: Ball
1-1: Foul Ball, location: 2F
1-2: Ball
2-2: Ball
3-2: Ground out U3 (Groundball, 3, EV 81.9 MPH)
Bottom of the 7th over - 0 runs, 1 hit, 0 errors, 1 left on base; Long Island 1 - Fort Knox 2
TOP OF THE 8TH
Long Island Ducks batting - Pitching for Fort Knox Centennial : RHP Dan Young
Now at SS: Alfredo Díaz
Batting: RHB George Samuels 0-0: Ball
1-0: Ball
2-0: Ball
3-0: Base on Balls
Pitching: RHP Ed Cameron
Batting: RHB Shu-yaan Seema 0-0: Ball
1-0: Bunt - Flyout to 2R! F2
Batting: RHB Abdul Razzad Zaimukhes 0-0: Ball
1-0: Called Strike
1-1: Ball
2-1: Foul Ball, location: 2F
2-2: Foul Ball, location: 2F
2-2: Ball
3-2: Foul Ball, location: 2F
3-2: SINGLE (Groundball, 6M, EV 105.0 MPH) (infield hit)
George Samuels to second
Pitching: LHP Harvey O'Keefe
Batting: LHB Michizane Yamashita 0-0: Foul Ball, location: 2F
0-1: Ball
1-1: Called Strike
1-2: Strikes out swinging
Batting: RHB Alfredo Torres 0-0: Called Strike
0-1: Ball
1-1: Ball
2-1: Fly out, F2 (Popup, 23F, EV 90.6 MPH)
Top of the 8th over - 0 runs, 1 hit, 0 errors, 2 left on base; Long Island 1 - Fort Knox 2
BOTTOM OF THE 8TH
Fort Knox Centennial batting - Pitching for Long Island Ducks : RHP Jae-ho Kan
Batting: LHB Don Barnes 0-0: Ball
1-0: Called Strike
1-1: Swinging Strike
1-2: Strikes out swinging
Pitching: LHP Everton Stirzacre
Batting: LHB Adhane Nduria 0-0: Ball
1-0: Foul Ball, location: 2F
1-1: Fly out, F8 (Line Drive, 8LD, EV 100.6 MPH)
Batting: LHB Trent Conner 0-0: Ball
1-0: Called Strike
1-1: Ball
2-1: TRIPLE (Line Drive, 9D, EV 105.0 MPH)
Batting: RHB Curt McDaniel 0-0: Ball
1-0: Foul Ball, location: 2F
1-1: Foul Ball, location: 2F
1-2: Strikes out swinging
Bottom of the 8th over - 0 runs, 1 hit, 0 errors, 1 left on base; Long Island 1 - Fort Knox 2
TOP OF THE 9TH
Long Island Ducks batting - Pitching for Fort Knox Centennial : LHP Harvey O'Keefe
Now in LF: Luis Macazaga
Batting: RHB Al Ruíz 0-0: Foul Ball, location: 2F
0-1: Ball
1-1: Called Strike
1-2: Ground out 6-3 (Groundball, 6, EV 98.8 MPH)
Batting: RHB Edgardo Becerra 0-0: Foul Ball, location: 2F
0-1: Called Strike
0-2: Foul Ball, location: 2F
0-2: Ball
1-2: Strikes out swinging
Batting: RHB Tom Kelley 0-0: Ground out 6-3 (Groundball, 6, EV 86.9 MPH)
Top of the 9th over - 0 runs, 0 hits, 0 errors, 0 left on base; Long Island 1 - Fort Knox 2
Friday, March 26th, 2021 - OOTP Baseball 20.8 Build 74